 Dungeon Crawl Stone Soup version 0.31-a0-986-g5e6e4ef867 (webtiles) character file.

Game seed: 5040819190019715570

260 mandarbmax the Sneak (level 6, -1/32 HPs)
             Began as a Vine Stalker Brigand on Nov 16, 2023.
             Slain by an iguana (9 damage)
             ... on level 4 of the Dungeon.
             The game lasted 00:02:21 (2243 turns).

mandarbmax the Sneak (Vine Stalker Brigand)         Turns: 2243, Time: 00:02:22

Health: -1/32      AC:  3    Str: 14    XL:     6   Next: 17%
Magic:  0/7        EV: 18    Int: 11    God:
Gold:   140        SH:  0    Dex: 23    Spells: 5/5 levels left

rFire   . . .        a - +2 dagger (venom)
rCold   . . .        (no shield)
rNeg    . . .        b - +0 robe
rPois   .            (no helmet)
rElec   .            c - +0 cloak
rCorr   .            (no gloves)
SInv    .            (no boots)
Will    .....        (no amulet)
Stlth   ++++         g - +5 ring of evasion
HPRegen 1.05/turn    u - +6 ring of dexterity
MPRegen 0.10/turn

%: guardian spirit
@: no status effects
A: fangs 2, regeneration 1, magic shield, antimagic bite, no potion heal 2
a: no special abilities


You were on level 4 of the Dungeon.
You visited 1 branch of the dungeon, and saw 4 of its levels.

You collected 140 gold pieces.

Inventory:

Hand Weapons
 a - a +2 dagger of venom (weapon)
Missiles
 d - 9 poisoned darts (quivered)
 e - 3 curare-tipped darts
Armour
 b - a +0 robe (worn)
 c - a +0 cloak (worn)
Jewellery
 g - a +5 ring of evasion (left hand)
 h - a +6 ring of intelligence
 m - a ring of ice
 o - a ring of protection from cold
 u - a +6 ring of dexterity (right hand)
Wands
 s - a wand of roots (6)
Scrolls
 i - a scroll of vulnerability {unknown}
 l - a scroll of fear {unknown}
 n - a scroll of immolation {unknown}
 p - 5 scrolls of identify {unknown}
 r - a scroll of summoning {unknown}
 x - a scroll of enchant armour {unknown}
 y - a scroll of teleportation {unknown}
Potions
 f - a potion of magic {unknown}
 j - a potion of curing {unknown}
 k - 2 potions of mutation {unknown}
 q - a potion of lignification {unknown}
 t - 2 potions of heal wounds {unknown}
 v - a potion of resistance {unknown}
 z - a potion of enlightenment {unknown}


   Skills:
 + Level 2.9 Fighting
 * Level 3.8 Short Blades
 - Level 1.7 Throwing
 + Level 2.1 Dodging
 + Level 5.9 Stealth


You had 5 spell levels left.
You didn't know any spells.
Your spell library was empty.

Dungeon Overview and Level Annotations

Branches:
Dungeon (4/15)
 Temple: D:4-7

Altars:
Yredelemnul


Innate Abilities, Weirdness & Mutations

You have extremely sharp teeth.
Your natural rate of healing is unusually fast.
When hurt, damage is shared between your health and your magic reserves.
Your bite disrupts and absorbs the magic of your enemies.
Potions cannot restore your health.


Message History

The iguana is heavily wounded.
You hit the iguana. You bite the iguana, but do no damage.
The iguana is heavily wounded.
The iguana misses you.
You barely miss the iguana.
The iguana is heavily wounded.
The iguana completely misses you.
You hit the iguana but do no damage.
The iguana is heavily wounded.
The iguana completely misses you.
You hit the iguana. You bite the iguana, but do no damage.
The iguana is heavily wounded.
The iguana bites you!
* * * LOW HITPOINT WARNING * * *
You hit the iguana but do no damage. You bite the iguana, but do no damage.
The iguana is heavily wounded.
As you read the scroll labelled BUERA MOMAERGHI, it crumbles to dust.
It is a scroll of brand weapon.
Your +2 dagger drips with poison.
a - a +2 dagger of venom (weapon)
The iguana misses you.
You hit the iguana but do no damage.
The iguana is poisoned.
You bite the iguana, but do no damage.
The iguana is heavily wounded.
The iguana misses you.
You hit the iguana but do no damage. Your bite misses the iguana.
The iguana is heavily wounded.
The iguana misses you.
You hit the iguana but do no damage. You bite the iguana, but do no damage.
The iguana is heavily wounded.
The iguana barely misses you.
You hit the iguana.
The iguana looks as sick as possible!
The iguana is severely wounded.
You are no longer corroded.
The iguana bites you.
* * * LOW HITPOINT WARNING * * *
You hit the iguana but do no damage.
The iguana looks as sick as possible!
The iguana is severely wounded.
The iguana bites you!
You die...

#....................#
#..
#....................#
#..
#....................#
#..
#...........##########
### ###...#####......#
#########......#
#...........####
#..............#
#......@.......#
#.......l......#
#..............#
#...............
#...............
#...>...###.....
........# .....
...##...# .... .. #...
....


You could see an iguana (extremely poisoned).

Vanquished Creatures
  A jelly (D:4)
  A hound (D:3)
  Terence (D:3)
  An orc wizard (D:4)
  Natasha (thrice) (D:2)
  3 adders (D:3)
  A dart slug (D:1)
  2 orcs (D:4)
  4 bats (D:1)
  5 endoplasms
  4 giant cockroaches (D:1)
  A goblin (D:1)
  5 hobgoblins (D:1)
  4 quokkas
  2 ball pythons
  3 frilled lizards
  5 kobolds
  4 rats
50 creatures vanquished.

Notes
Turn   | Place    | Note
-------+----------+-------------------------------------------
     0 | D:1      | mandarbmax the Vine Stalker Brigand began the quest for the
                  | Orb.
     0 | D:1      | Reached XP level 1. HP: 11/11 MP: 2/2
   169 | D:1      | Reached skill level 1 in Dodging
   169 | D:1      | Reached XP level 2. HP: 15/15 MP: 3/3
   217 | D:1      | Reached skill level 5 in Stealth
   478 | D:1      | Reached XP level 3. HP: 18/18 MP: 4/4
   613 | D:1      | Found a faded altar of an unknown god.
   975 | D:2      | Noticed Natasha
   981 | D:2      | Killed Natasha
   982 | D:2      | Reached XP level 4. HP: 23/23 MP: 5/5
   988 | D:2      | Noticed Natasha
   999 | D:2      | Killed Natasha
  1004 | D:2      | Noticed Natasha
  1011 | D:2      | Killed Natasha
  1198 | D:2      | You fall into a shaft and drop 1 floor!
  1581 | D:3      | Reached XP level 5. HP: 27/27 MP: 6/6
  1634 | D:3      | Found a basalt altar of Yredelemnul.
  1829 | D:3      | Identified the +5 whip of Trial by Ordeal {freeze, rCorr
                  | Dex+3}
  1980 | D:3      | Noticed Terence
  1989 | D:3      | Killed Terence
  2118 | D:4      | Reached XP level 6. HP: 20/32 MP: 7/7
  2243 | D:4      | Slain by an iguana

Illustrated notes

Levels and vault maps discovered:
D:1:      minmay_arrival_semitransparent, layout_loops_corners,
          shapermc_ecumenical_altar_mp_urbaneastern
D:2:      layout_loops_cross, uniq_robin, uniq_natasha, uniq_sigmund
D:3:      layout_loops_corners, marbit_many_paths, uniq_terence
D:4:      dreamdust_elfheim, layout_basic, mainiacjoe_overflow_catwalk,
          minmay_temple_entry_proselytizer, minmay_misc_feat_doors

Skill      XL: |  1  2  3  4  5 |
---------------+----------------+-----
Short Blades   | 2 3 |  3.8
Dodging        | 1 2 |  2.1
Stealth        | 5 |  5.9
Fighting       | 2 |  2.9
Throwing       | |  1.7

Action                     |  1- 3 |  4- 6 || total
---------------------------+-------+-------++-------
  Melee: Dagger            |    67 |    88 ||   155
         Bite              |    10 |    35 ||    45
         Punch             |       |     2 ||     2
  Throw: Dart              |       |     8 ||     8
    Use: Scroll            |       |     1 ||     1
   Stab: Sleeping          |    10 |     6 ||    16
 Armour: Robe              |    30 |    28 ||    58
  Dodge: Dodged            |    58 |    53 ||   111

Table legend: (Time is in decaauts)
 A = Elapsed time spent in this place.
 B = Non-inter-level travel time spent in this place.
 C = Inter-level travel time spent in this place.
 D = Time resting spent in this place.
 E = Time spent auto-exploring this place.
 F = Levels seen in this place.
 G = Mean time per level.
                   A        B        C        D        E       F      G
               +--------+--------+--------+--------+--------+-----+--------+
         Total |   2226 |   2167 |     59 |      0 |   1802 |   4 |  556.5 |
       Dungeon |   2226 |   2167 |     59 |      0 |   1802 |   4 |  556.5 |
               +--------+--------+--------+--------+--------+-----+--------+

Top non-repeatable levels by time:
     D:1: 931 daAuts
     D:3: 883 daAuts
     D:2: 263 daAuts
     D:4: 146 daAuts
